 Dungeon Crawl Stone Soup version 0.29.1-15-g9cfb28693d (webtiles) character file.

Game seed: 8866178758533616204

74 McKennaii the Digger (level 3, -2/26 HPs)
             Began as a Demigod Earth Elementalist on Feb 28, 2023.
             Slain by an orc
             ... wielding a +0 club
              (4 damage)
             ... on level 2 of the Dungeon.
             The game lasted 00:01:01 (2138 turns).

McKennaii the Digger (Demigod Earth Elementalist)   Turns: 2138, Time: 00:01:02

Health: -2/26      AC:  2    Str:  9    XL:     3   Next: 86%
Magic:  6/10       EV: 12    Int: 21    God:
Gold:   95         SH:  0    Dex: 14    Spells: 6/7 levels left

rFire   . . .      SeeInvis +   (no weapon)
rCold   . . .      Faith    .   (no shield)
rNeg    . . .      Spirit   .   a - +0 robe
rPois   .          Reflect  .   (no helmet)
rElec   .          Harm     .   (no cloak)
rCorr   .          Rampage  .   (no gloves)
Will    .....                   (no boots)
Stlth   ++........              (no amulet)
HPRegen 0.08/turn               j - ring of see invisible
MPRegen 0.12/turn               (no ring)

@: no status effects
A: high MP 1, forlorn, divine attributes
a: no special abilities


You were on level 2 of the Dungeon.
You visited 1 branch of the dungeon, and saw 3 of its levels.

You collected 95 gold pieces.

Inventory:

Armour
 a - a +0 robe (worn)
Jewellery
 j - a ring of see invisible (left hand)
Wands
 k - a wand of digging (6)
Scrolls
 c - a scroll of fog {unknown}
 d - 2 scrolls of teleportation {unknown}
 e - 3 scrolls of identify {unknown}
 f - 2 scrolls of poison {unknown}
 h - a scroll of enchant armour {unknown}
 i - a scroll of vulnerability {unknown}
 l - a scroll of blinking {unknown}
 m - a scroll of acquirement {unknown}
Potions
 b - a potion of magic
 g - a potion of curing {unknown}
 n - 2 potions of heal wounds {unknown}


   Skills:
 - Level 1.7 Dodging
 - Level 1.7 Stealth
 + Level 2.9 Spellcasting
 - Level 0.8 Transmutations
 + Level 3.7 Earth Magic


You had 6 spell levels left.
You knew the following spells:

 Your Spells              Type           Power      Damage    Failure   Level
a - Sandblast             Erth           36%        2d10      3%          1

Your spell library contained the following spells:

 Spells                   Type           Power      Damage    Failure   Level
 Passwall                 Tmut/Erth      10%        N/A       8%          2
 Stone Arrow              Conj/Erth      20%        3d8       19%         3
 Petrify                  Tmut/Erth      12%        N/A       45%         4


Dungeon Overview and Level Annotations

Branches:
Dungeon (3/15)


Innate Abilities, Weirdness & Mutations

You have an increased reservoir of magic. (+10% MP)
You shall have no god before yourself.
Your divine heritage dramatically boosts your attributes as you level up.


Message History

What level of the Dungeon? (default 1, ? - help)
There is a stone staircase leading down here.
You climb downwards.
The orc priest shouts!
The orc shouts!
The orc priest shouts!
The orc shouts!
Found a fizzy blue potion.
There is a stone staircase leading up here.
There are monsters nearby!
The orc priest barely misses you. The orc hits you with a +0 club.
The orc hits you with a +0 flail!
You climb upwards.
There is a stone staircase leading down here.
Casting: Sandblast (safe; 3% risk of failure)
Confirm with . or Enter, or press ? or * to list all spells.
Aiming: Sandblast (safe; 3% risk of failure)
Press: ? - help, Shift-Dir - straight line, f - orc priest
Aim: an orc priest, wielding a +0 whip (82% to hit)
The blast of sand hits the orc priest!
The orc priest is severely wounded.
The orc closely misses you. The orc hits you with a +0 flail.
The orc priest closely misses you.
Casting: Sandblast (safe; 3% risk of failure)
Confirm with . or Enter, or press ? or * to list all spells.
Aiming: Sandblast (safe; 3% risk of failure)
Press: ? - help, Shift-Dir - straight line, f/p - orc priest
Aim: an orc priest, wielding a +0 whip (severely wounded, 82% to hit)
The blast of sand hits the orc priest!
You kill the orc priest!
The orc closely misses you. The orc hits you with a +0 flail!
* * * LOW HITPOINT WARNING * * *
The orc hits you with a +0 club.
* * * LOW HITPOINT WARNING * * *
The orc misses you.
Unknown command.
Casting: Sandblast (safe; 3% risk of failure)
Confirm with . or Enter, or press ? or * to list all spells.
Aiming: Sandblast (safe; 3% risk of failure)
Press: ? - help, Shift-Dir - straight line, f - orc
Aim: an orc, wielding a +0 flail and wearing a +0 leather armour (82% to hit)
The blast of sand misses the orc.
The orc hits you with a +0 club.
You die...

#.#########.# #..### #......
#...........# ##...## #......
##################..#########
#............................
#.##########.########.#.....# #.#
##...## #...###.# #.#
#####..8..## ###..###.#
#.####......oo..####......#.#
#####..).'......@........####...#
#........#.......)..#....# ##...
#...<....#....8...8##....# ##..
#........#........###....######.#
####.#####.######## #.........#..
#.# #.# #....####.### #.# #.#
#....# #.# #.# #.# #....# #.# #.#
#.# #....# #.#


You could see 2 orcs.

Vanquished Creatures
  An orc priest (D:2)
  An adder (D:2)
  3 worms (D:2)
  An endoplasm (D:1)
  3 goblins
  4 hobgoblins
  A kobold (D:2)
  A quokka (D:2)
  4 ball pythons
  5 bats (D:2)
  2 frilled lizards
  4 rats (D:2)
30 creatures vanquished.

Notes
Turn   | Place    | Note
-------+----------+-------------------------------------------
     0 | D:1      | McKennaii the Demigod Earth Elementalist began the quest
                  | for the Orb.
     0 | D:1      | Reached XP level 1. HP: 14/14 MP: 5/5
   312 | D:1      | Reached skill level 3 in Earth Magic
   633 | D:2      | Reached XP level 2. HP: 20/20 MP: 3/7
  1454 | D:2      | Reached XP level 3. HP: 4/26 MP: 2/9
  2138 | D:2      | Slain by an orc

Illustrated notes

Levels and vault maps discovered:
D:1:      lemuel_arrival_behind_the_door_large, layout_basic,
          chequers_ecumenical_altar_lobes, hex_large
D:2:      layout_basic, grunt_ministairs_1, st_stairs_14
D:3:      minmay_general_purpose_star, layout_loops_ring, serial_shops,
          shop_fountains, uniq_robin, uniq_crazy_yiuf_cottage, uniq_terence

Skill      XL: |  1 |
---------------+----+-----
Spellcasting   | 2 |  2.9
Earth Magic    | 3 |  3.7
Dodging        | |  1.7
Stealth        | |  1.7
Transmutations | |  0.8

Action                   || total
-------------------------++-------
Melee: Unarmed           ||    11
 Cast: Sandblast         ||    48
Armor: Robe              ||     7
Dodge: Dodged            ||    25
